 Dungeon Crawl Stone Soup version 0.28.0-53-g5a82cb258f (webtiles) character file.

Game seed: 2408973803597099175

289 Kranky the Skirmisher (level 6, 0/46 HPs)
             Began as an Octopode Fighter on June 20, 2022.
             Splashed by a jelly's acid (10 damage)
             ... on level 4 of the Dungeon.
             The game lasted 00:05:44 (3795 turns).

Kranky the Skirmisher (Octopode Fighter)            Turns: 3795, Time: 00:05:46

Health: 0/46       AC: -3    Str: 15    XL:     6   Next: 31%
Magic:  6/6        EV: 13    Int: 11    God:
Gold:   96         SH:  4    Dex: 13    Spells: 5/5 levels left

rFire   . . .      SeeInvis +   m - +1 dagger (elec)
rCold   . . .      Faith    .   b - +0 buckler
rNeg    + . .      Spirit   .   (helmet restricted)
rPois   .          Reflect  .   (no amulet)
rElec   .          Harm     .   j - ring of positive energy
rCorr   .          Rampage  .   k - ring of see invisible
Will    .....                   (no ring)
Stlth   ++++......              (no ring)
HPRegen 0.15/turn               (no ring)
MPRegen 0.10/turn               (no ring)
                                (no ring)
                                (no ring)

@: corroded
A: almost no armour, amphibious, 8 rings, camouflage 1, gelatinous body 1,
(nimble swimmer 1), tentacles
a: no special abilities


You were on level 4 of the Dungeon.
You visited 1 branch of the dungeon, and saw 4 of its levels.

You collected 96 gold pieces.

Inventory:

Hand Weapons
 a - a +0 flail
 m - a +1 dagger of electrocution (weapon)
Armour
 b - a +0 buckler (worn)
Jewellery
 j - a ring of positive energy (left tentacle)
 k - a ring of see invisible (right tentacle)
Scrolls
 d - a scroll of blinking {unknown}
 e - 2 scrolls of vulnerability {unknown}
 f - a scroll of enchant armour {unknown}
 h - 4 scrolls of identify {unknown}
 i - a scroll of fog {unknown}
 l - a scroll of fear {unknown}
 n - a scroll of enchant weapon {unknown}
Potions
 c - 2 potions of might
 g - 2 potions of haste {unknown}
 o - a potion of curing {unknown}


   Skills:
 + Level 5.8 Fighting
 - Level 2.0 Maces & Flails
 - Level 3.0 Dodging
 - Level 5.0 Stealth
 - Level 3.0 Shields


You had 5 spell levels left.
You didn't know any spells.
Your spell library contained the following spells:

 Spells                   Type           Power      Damage    Failure   Level
 Beastly Appendage        Tmut           0%         N/A       43%         1
 Slow                     Hex            0%         N/A       43%         1
 Wereblood                Tmut           0%         N/A       56%         2
 Confusing Touch          Hex            0%         N/A       80%         3
 Mephitic Cloud           Conj/Pois/Air  0%         N/A       80%         3
 Spider Form              Tmut/Pois      0%         N/A       80%         3
 Vampiric Draining        Necr           0%         2d6       80%         3
 Eringya's Noxious Bog    Tmut/Pois      0%         N/A       100%        6
 Haunt                    Necr/Summ      0%         N/A       100%        7


Dungeon Overview and Level Annotations

Branches:
Dungeon (4/15)
 Temple: D:4-7

Altars:
Makhleb


Innate Abilities, Weirdness & Mutations

You cannot wear most types of armour.
You are amphibious.
You can wear up to eight rings at the same time.
Your skin changes colour to match your surroundings (Stealth+).
Your rubbery body absorbs attacks. (AC +1, EV +1)
((You are camouflaged when in or above water. (Stealth+)))
You have tentacles for arms and can constrict up to eight enemies at once.


Message History

You kill the orc!
A jelly comes into view.
The orc priest invokes the aid of Beogh against you.
Beogh smites you!
The jelly quivers.
Things that are here:
a +0 dagger; a +0 ring mail; an orc corpse You hit the orc.
You grab the orc.
The orc is heavily wounded.
You constrict the orc, but do no damage.
The orc hits you with a +0 club.
The orc priest calls upon Beogh to heal the orc.
The orc's wounds heal themselves!
You hit the orc but do no damage. You squeeze the orc.
The orc is severely wounded.
You constrict the orc, but do no damage.
The orc closely misses you. The orc hits you with a +0 flail.
You hit the orc.
You kill the orc!
The orc completely misses you.
The orc priest hits you with a +0 dagger.
You block the orc's attack.
You hit the orc priest but do no damage.
You grab the orc priest. You squeeze the orc priest!
The orc priest is heavily wounded.
You constrict the orc priest.
The orc priest hits you with a +0 dagger.
You block the orc's attack.
You hit the orc priest.
The orc priest is severely wounded.
You constrict the orc priest.
You kill the orc priest!
The jelly barely misses you. The orc misses you.
You hit the jelly. The acid corrodes you!
Your tentacles burn!
* * * LOW HITPOINT WARNING * * *
The jelly is lightly wounded.
The jelly hits you.
* * * LOW HITPOINT WARNING * * *
You are splashed with acid!
You die...

........######
#.
#..........#
#.
#.###.####.#
#.###.###.#
#.#
#.........#
#.#
#..##.###.#
#.# #.##.. #.#
#.# #.#
#....o##.###.#
#.#
#.J@......#
##.#####
#....)###....#
#......#
#.###. .####
##.###.# #. .#
### #.# #. .#
#.# .. .# #.#
## .# #.# #.#
#.#


You could see a jelly and an orc.

Vanquished Creatures
  Menkaure (D:4)
  An orc priest (D:4)
  Jessica (D:2)
  Robin (D:2)
  A gnoll (D:2)
  2 adders (D:2)
  A worm (D:2)
  5 orcs (D:4)
  3 ball pythons
  6 bats
  4 endoplasms (D:1)
  2 giant cockroaches
  19 goblins
  3 hobgoblins
  A jackal (D:2)
  4 kobolds
  A quokka (D:1)
  A frilled lizard (D:3)
  9 rats
66 creatures vanquished.

Vanquished Creatures (others)
  6 fungi (D:2)
  4 plants (D:2)
10 creatures vanquished.

Grand Total: 76 creatures vanquished

Notes
Turn   | Place    | Note
-------+----------+-------------------------------------------
     0 | D:1      | Kranky the Octopode Fighter began the quest for the Orb.
     0 | D:1      | Reached XP level 1. HP: 16/16 MP: 1/1
   429 | D:1      | Reached XP level 2. HP: 16/21 MP: 2/2
   644 | D:1      | Reached skill level 1 in Stealth
   996 | D:1      | Reached XP level 3. HP: 27/27 MP: 3/3
  1432 | D:2      | Noticed Jessica
  1438 | D:2      | Killed Jessica
  1683 | D:2      | Found a faded altar of an unknown god.
  1688 | D:2      | Reached XP level 4. HP: 33/34 MP: 4/4
  1705 | D:2      | Noticed Robin
  2113 | D:2      | Killed Robin
  2433 | D:2      | Reached XP level 5. HP: 20/38 MP: 5/5
  3240 | D:3      | Found a burning altar of Makhleb.
  3437 | D:4      | Noticed Menkaure
  3450 | D:4      | Killed Menkaure
  3451 | D:4      | Reached skill level 5 in Fighting
  3451 | D:4      | Reached skill level 5 in Stealth
  3451 | D:4      | Reached XP level 6. HP: 21/45 MP: 6/6
  3693 | D:4      | Got Qiana's Grimoire of the Escort and Toxins
  3795 | D:4      | Splashed by a jelly's acid

Illustrated notes

Levels and vault maps discovered:
D:1:      dpeg_arrival_tiny_h, layout_basic
D:2:      kennysheep_six_static_rooms, layout_loops_ring,
          dreamdust_ecumenical_altar_grove, uniq_jessica, uniq_robin
D:3:      layout_rooms, lightli_temple_of_fire
D:4:      layout_loops_ring, minitemple, minmay_misc_feat_pillars, uniq_menkaure

Skill      XL: |  1  2  3  4  5 |
---------------+----------------+-----
Stealth        | 1 2 3 5 |  5.0
Fighting       | 4 5 |  5.8
Maces & Flails | |  2.0
Dodging        | |  3.0
Shields        | |  3.0

Action                   |  1- 3 |  4- 6 || total
-------------------------+-------+-------++-------
Melee: Flail             |    47 |    60 ||   107
       Constrict         |    16 |    18 ||    34
       Tentacles         |     7 |    13 ||    20
       Punch             |       |     2 ||     2
       Dagger            |       |    18 ||    18
 Stab: Sleeping          |     5 |     9 ||    14
       Distracted        |       |     2 ||     2
Armor: Skin              |     4 |     4 ||     8
Dodge: Dodged            |    26 |    49 ||    75
Block: Buckler           |     7 |    22 ||    29
